 Dungeon Crawl Stone Soup version 0.22.1-5-g62c59d9 (webtiles) character file.

1741 Tr0llz0r the Cleaver (level 8, -1/61 HPs)
             Began as a Demonspawn Gladiator on Jan 8, 2019.
             Slain by an orc warrior
             ... wielding a +0 long sword
              (5 damage)
             ... on level 6 of the Dungeon.
             The game lasted 00:18:31 (4042 turns).

Tr0llz0r the Cleaver (Demonspawn Gladiator)         Turns: 4042, Time: 00:18:35

Health: -1/61      AC: 18    Str: 16    XL:     8   Next: 77%
Magic:  9/9        EV: 12    Int: 11    God:
Gold:   255        SH:  3    Dex: 16    Spells: 7/7 levels left

rFire    . . .     SeeInvis .   a - +1 war axe
rCold    . . .     Gourm    .   (no shield)
rNeg     . . .     Faith    .   j - +0 scale mail
rPois    .         Spirit   .   c - +0 helmet
rElec    .         Reflect  +   b - +1 cloak
rCorr    .         Harm     .   w - +1 pair of gloves
MR       .....                  (no boots)
Stlth    +.........             r - +3 amulet of reflection
HPRegen  0.20/turn              k - +2 ring of intelligence
MPRegen  0.11/turn              (no ring)

@: sanguine armour
A: talons 2, spiny 2, sanguine armour 1
a: no special abilities


You were on level 6 of the Dungeon.
You were not hungry.

You visited 2 branches of the dungeon, and saw 7 of its levels.

You collected 255 gold pieces.

Inventory:

Hand Weapons
 a - a +1 war axe (weapon)
 v - a +0 shortbow
Missiles
 d - 3 throwing nets (quivered)
 g - 47 arrows
 i - 6 tomahawks
 n - 90 stones
 p - 20 poisoned needles
Armour
 b - a +1 cloak (worn)
 c - a +0 helmet (worn)
 j - a +0 scale mail (worn)
 w - a +1 pair of gloves (worn)
Jewellery
 k - a +2 ring of intelligence (left hand)
 r - a +3 amulet of reflection (around neck)
Wands
 h - a wand of polymorph (16)
 l - a wand of random effects (12)
 s - a wand of iceblast (10)
 x - a wand of digging (12)
Scrolls
 e - 2 scrolls of fear
 m - 2 scrolls of fog
 o - a scroll of teleportation
 t - 2 scrolls of identify
Potions
 q - 2 potions of haste
 u - a potion of flight
Comestibles
 f - 8 rations


   Skills:
 + Level 4.7 Fighting
 + Level 8.0 Axes
 + Level 2.0 Throwing
 + Level 3.3 Armour
 + Level 4.2 Dodging
 + Level 1.6 Stealth
 + Level 0.1 Unarmed Combat
 + Level 2.0 Evocations


You had 7 spell levels left.
You didn't know any spells.
Your spell library contained the following spells:

 Spells                   Type           Power        Failure   Level  Hunger
 Beastly Appendage        Tmut           #.....       77%         1    ##.....
 Sticks to Snakes         Tmut           #.......     88%         2    ###....
 Spider Form              Tmut/Pois      #.........   98%         3    ####...
 Ice Form                 Ice/Tmut       #.......     100%        4    #####..
 Blade Hands              Tmut           #.........   100%        5    ######.


Dungeon Overview and Level Annotations

Branches:
Dungeon (6/15)             Temple (1/1) D:4

Altars:
Ashenzari
Dithmenos
Elyvilon
Fedhas
Gozag
Hepliaklqana
Kikubaaqudgha
Makhleb
Nemelex Xobeh
Ru
Sif Muna
Trog
Wu Jian
Yredelemnul
The Shining One

Annotations:
D:6 Edmund


Innate Abilities, Weirdness & Mutations

You have razor-sharp toenails.
You are mostly covered in sharp spines.
When seriously injured, your bleeding wounds create armour. (AC +6)


Message History

The orc warrior is struck by your spines.
The orc warrior hits you with a long sword!
The orc priest barely misses you. The orc is struck by your spines.
You kill the orc!
Edmund is struck by your spines. Edmund misses you.
You hit the orc warrior. You claw the orc warrior.
The orc warrior is heavily wounded.
You slash Edmund! You hit the orc priest.
The orc warrior hits you but does no damage.
The orc priest mumbles some strange prayers to Beogh against you.
Beogh smites you!
* * * LOW HITPOINT WARNING * * *
You barely miss the orc warrior. Your kick misses the orc warrior.
The orc warrior is heavily wounded.
You hit the orc priest. You hit Edmund. Edmund barely misses you.
The orc priest invokes the aid of Beogh against you.
Pain shoots through your body!
* * * LOW HITPOINT WARNING * * *
The orc warrior hits you with a long sword.
You die...

#..# ............# ##.#
............# #.#
............## ###..
.............# ##..##
.........../.## ##...#
......>.......# ##...##
......oo).....###...##
......[@@..........##
.........)........##
...................#
#..................##
##..................#
#...................#
#....................#
....###.........#.....#
..## #.......####....#


You could see Edmund, an orc warrior and an orc priest.

Vanquished Creatures
  Pikel (D:5)
  Sigmund (D:6)
  2 sky beasts (D:6)
  An ice beast (D:5)
  A black bear (D:6)
  A boggart (D:5)
  2 ogres (D:5)
  A centaur (D:5)
  A hound (D:6)
  A jelly (D:5)
  An orc priest (D:6)
  A bullfrog skeleton (D:4)
  An iguana (D:4)
  2 worker ants
  Natasha (thrice) (D:2)
  A hound zombie (D:5)
  Robin (D:3)
  A gnoll (D:1)
  8 adders
  2 shadow imps (D:5)
  An adder skeleton (D:4)
  2 worms
  4 dart slugs (D:1)
  2 leopard geckos (D:5)
  18 orcs
  9 bats
  3 giant cockroaches (D:1)
  11 goblins (D:3)
  10 hobgoblins
  8 jackals (D:1)
  4 quokkas
  2 ball pythons
  A ball python skeleton (D:4)
  7 frilled lizards
  7 kobolds
  A quokka skeleton (D:5)
  10 rats
133 creatures vanquished.

Vanquished Creatures (others)
  A slave (D:5)
1 creature vanquished.

Grand Total: 134 creatures vanquished

Notes
Turn   | Place    | Note
-------+----------+-------------------------------------------
     0 | D:1      | Tr0llz0r the Demonspawn Gladiator began the quest for the
                  | Orb.
     0 | D:1      | Reached XP level 1. HP: 16/16 MP: 1/1
   145 | D:1      | Gained mutation: You are partially covered in sharp spines.
                  | [demonic ancestry]
   145 | D:1      | Reached XP level 2. HP: 18/22 MP: 2/2
   151 | D:1      | Reached skill level 3 in Axes
   347 | D:1      | Gained mutation: You are mostly covered in sharp spines.
                  | [demonic ancestry]
   347 | D:1      | Reached XP level 3. HP: 24/27 MP: 3/3
   754 | D:2      | Gained mutation: You have sharp toenails. [demonic
                  | ancestry]
   754 | D:2      | Reached XP level 4. HP: 30/34 MP: 4/4
   881 | D:2      | Noticed Natasha
   896 | D:2      | Killed Natasha
   903 | D:2      | Noticed Natasha
   911 | D:2      | Killed Natasha
   911 | D:2      | Reached skill level 4 in Axes
   911 | D:2      | Reached skill level 1 in Armour
  1199 | D:2      | Found a shadowy altar of Dithmenos.
  1295 | D:2      | Noticed Natasha
  1301 | D:2      | Killed Natasha
  1301 | D:2      | Gained mutation: When seriously injured, your bleeding
                  | wounds create armour. (AC +6) [demonic ancestry]
  1301 | D:2      | Reached XP level 5. HP: 36/39 MP: 5/5
  1583 | D:3      | Noticed Robin
  1616 | D:3      | Found a basalt altar of Yredelemnul.
  1893 | D:3      | Found a hazy altar of Hepliaklqana.
  2073 | D:3      | Killed Robin
  2294 | D:4      | Reached XP level 6. HP: 45/47 MP: 6/6
  2383 | D:4      | Found a staircase to the Ecumenical Temple.
  2425 | Temple   | Entered the Ecumenical Temple
  2576 | D:4      | Found a blossoming altar of Fedhas.
  2864 | D:4      | Reached skill level 1 in Stealth
  2864 | D:4      | Reached skill level 1 in Evocations
  2931 | D:4      | Found a sacrificial altar of Ru.
  3071 | D:5      | Entered Level 5 of the Dungeon
  3080 | D:5      | Reached skill level 5 in Axes
  3176 | D:5      | Noticed a slave
  3176 | D:5      | Noticed a slave
  3176 | D:5      | Noticed a slave
  3178 | D:5      | a slave changed into a boggart
  3180 | D:5      | Noticed a slave
  3183 | D:5      | Noticed Pikel
  3186 | D:5      | Noticed a sky beast
  3205 | D:5      | Killed Pikel
  3205 | D:5      | Reached skill level 6 in Axes
  3205 | D:5      | Gained mutation: You have razor-sharp toenails. [demonic
                  | ancestry]
  3205 | D:5      | Reached XP level 7. HP: 53/53 MP: 8/8
  3421 | D:5      | Reached XP level 8. HP: 49/60 MP: 9/9
  3629 | D:5      | Reached skill level 7 in Axes
  3810 | D:6      | Noticed Sigmund
  3827 | D:6      | Killed Sigmund
  4030 | D:6      | Noticed Edmund
  4039 | D:6      | Reached skill level 8 in Axes
  4042 | D:6      | Slain by an orc warrior

Skill      XL: |  1  2  3  4  5  6  7  8 |
---------------+-------------------------+-----
Axes           | 3 4 6 8 |  8.0
Dodging        | 3 4 |  4.2
Armour         | 1 2 3 |  3.3
Fighting       | 3 4 |  4.7
Stealth        | 1 |  1.6
Evocations     | 1 2 |  2.0
Throwing       | 2 |  2.0
Unarmed Combat | |  0.1

Action                   |  1- 3 |  4- 6 |  7- 9 || total
-------------------------+-------+-------+-------++-------
Melee: War axe           |    56 |   111 |    51 ||   218
       Kick              |       |    24 |    13 ||    37
       Unarmed           |       |    20 |       ||    20
Throw: Throwing net      |       |       |     1 ||     1
Evoke: Wand              |       |    20 |       ||    20
  Use: Scroll            |     2 |     9 |     2 ||    13
       Potion            |     1 |     5 |       ||     6
 Stab: Sleeping          |     1 |       |       ||     1
  Eat: Ration            |       |     2 |     1 ||     3
       Chunk             |       |       |     2 ||     2
Armor: Leather armour    |    24 |     2 |       ||    26
       Scale mail        |       |    32 |    32 ||    64
       Skin              |       |    37 |     1 ||    38
Dodge: Dodged            |    70 |   111 |    35 ||   216
Block: Other             |       |     2 |     8 ||    10
